 Dungeon Crawl Stone Soup version 0.27.1-4-g1640c2035a (webtiles) character file.

Game seed: 13135184874193879809

379 bearlyready the Cudgeller (level 6, -1/93 HPs)
             Began as an Ogre Berserker on Nov 10, 2021.
             Was a Believer of Trog.
             Succumbed to a scorpion's poison
             ... on level 4 of the Dungeon.
             The game lasted 00:04:46 (4254 turns).

bearlyready the Cudgeller (Ogre Berserker)          Turns: 4254, Time: 00:04:46

Health: -1/93      AC:  3    Str: 24    XL:     6   Next: 74%
Magic:  6/6        EV: 10    Int:  8    God:    Trog [**....]
Gold:   110        SH:  0    Dex:  8    Spells: 5/5 levels left

rFire    + . .     SeeInvis .   a - +0 mace
rCold    . . .     Faith    .   (no shield)
rNeg     . . .     Spirit   .   b - +0 animal skin
rPois    .         Reflect  .   (helmet restricted)
rElec    .         Harm     .   (no cloak)
rCorr    .         Rampage  .   (gloves unavailable)
Will     ++...                  (boots unavailable)
Stlth    ..........             (no amulet)
HPRegen  1.25/turn              j - ring of protection from fire
MPRegen  0.10/turn              (no ring)

@: berserking (expiring), lethally poisoned (-1 -> -9), strong-willed,
regenerating, very quick
A: large, unfitting armour, tough skin 1
a: Renounce Religion, Berserk, Trog's Hand


You were on level 4 of the Dungeon.
You worshipped Trog.
Trog was pleased with you.
You visited 1 branch of the dungeon, and saw 4 of its levels.

You collected 110 gold pieces.

Inventory:

Hand Weapons
 a - a +0 mace (weapon)
 o - a +1 spectral club
Missiles
 c - 116 stones
 q - 2 boomerangs (quivered)
Armour
 b - a +0 animal skin (worn)
Jewellery
 j - a ring of protection from fire (left hand)
Scrolls
 f - 2 scrolls of fog {unknown}
 h - 2 scrolls of identify {unknown}
 i - a scroll of vulnerability {unknown}
 m - a scroll of amnesia {unknown}
 p - a scroll of teleportation {unknown}
 r - a scroll of enchant armour {unknown}
Potions
 d - a potion of invisibility {unknown}
 e - 2 potions of heal wounds
 g - a potion of brilliance {unknown}
 k - a potion of resistance {unknown}
 l - a potion of curing
 n - a potion of berserk rage {unknown}


   Skills:
 - Level 4.0 Fighting
 + Level 6.7 Maces & Flails
 - Level 2.6 Dodging


You had 5 spell levels left.
You didn't know any spells.
Your spell library was empty.

Dungeon Overview and Level Annotations

Branches:
Dungeon (4/15)
 Temple: D:4-7

Altars:
Makhleb


Innate Abilities, Weirdness & Mutations

You are too large for most types of armour.
You have tough skin. (AC +1)


Message History

The water moccasin misses you.
A red film seems to cover your vision as you go berserk!
You feel yourself moving faster!
You feel mighty! The water moccasin bites you. x2
You barely miss the water moccasin. You closely miss the water moccasin.
The water moccasin bites you!
* * * LOW HITPOINT WARNING * * *
You are poisoned.
The water moccasin poisons you!
You closely miss the water moccasin.
You feel sick. The water moccasin bites you.
* * * LOW HITPOINT WARNING * * *
You are more poisoned.
The water moccasin poisons you!
You thump the water moccasin!
The water moccasin is heavily wounded.
* * * LOW HITPOINT WARNING * * *
You feel very sick.
The water moccasin bites you but does no damage.
You thump the water moccasin!
You kill the water moccasin!
Trog accepts your kill.
You feel very sick.
You closely miss the scorpion.
You feel very sick. The scorpion closely misses you.
You sock the scorpion!
The scorpion is heavily wounded.
You feel very sick. The scorpion stings you.
* * * LOW HITPOINT WARNING * * *
You are more poisoned.
The scorpion poisons you!
You hit the scorpion.
The scorpion is heavily wounded.
* * * LOW HITPOINT WARNING * * *
You feel very sick.
You sock the scorpion!
You kill the scorpion!
Trog accepts your kill.
You die...

## ##. .# #.. .###
#..# .#≈# #...
.#≈# #... .≈≈#
#...#######≈≈≈# #
#...@†Wgggg≈≈≈##..
#..#######w≈≈≈≈#KK
#. #.≈≈≈##K. #
#Wg≈≈# #g#g## ####
#######.#≈# ##...
....g.....# #...÷
..........# #....
..(.......# ##.#.


You could see a phantom, 4 gnolls and a dart slug.

Vanquished Creatures
  A water moccasin (D:4)
  A necrophage (D:4)
  A scorpion (D:4)
  Jessica (D:3)
  Natasha (thrice) (D:3)
  A gnoll (D:1)
  3 adders
  2 worms (D:2)
  2 dart slugs (D:1)
  2 orcs (D:3)
  7 bats
  3 endoplasms
  3 giant cockroaches
  3 goblins
  6 hobgoblins
  3 kobolds
  2 quokkas
  5 ball pythons
  5 frilled lizards
  6 rats
60 creatures vanquished.

Notes
Turn   | Place    | Note
-------+----------+-------------------------------------------
     0 | D:1      | bearlyready the Ogre Berserker began the quest for the Orb.
     0 | D:1      | Reached XP level 1. HP: 24/24 MP: 1/1
    23 | D:1      | Found a faded altar of an unknown god.
   250 | D:1      | Reached skill level 3 in Maces & Flails
   269 | D:1      | Reached XP level 2. HP: 13/32 MP: 2/2
   773 | D:1      | Reached XP level 3. HP: 39/39 MP: 3/3
  1632 | D:2      | Reached skill level 4 in Maces & Flails
  1632 | D:2      | Reached ** piety under Trog
  1676 | D:2      | Found a burning altar of Makhleb.
  2407 | D:2      | Reached XP level 4. HP: 47/48 MP: 4/4
  2673 | D:3      | Noticed Natasha
  2679 | D:3      | Killed Natasha
  3079 | D:3      | Noticed Natasha
  3086 | D:3      | Killed Natasha
  3087 | D:3      | Reached skill level 5 in Maces & Flails
  3087 | D:3      | Reached XP level 5. HP: 40/54 MP: 5/5
  3284 | D:3      | Noticed Natasha
  3294 | D:3      | Killed Natasha
  3627 | D:3      | Noticed Jessica
  3634 | D:3      | Killed Jessica
  4178 | D:4      | Noticed a necrophage
  4186 | D:4      | Killed a necrophage
  4187 | D:4      | Reached skill level 6 in Maces & Flails
  4187 | D:4      | Reached XP level 6. HP: 62/62 MP: 6/6
  4230 | D:4      | Noticed a water moccasin
  4250 | D:4      | Killed a water moccasin
  4253 | D:4      | HP: 2/93 [poisoned by a scorpion]
  4254 | D:4      | Succumbed to a scorpion's poison

Illustrated notes

Levels and vault maps discovered:
D:1:      onia_arrival_mini_spirals, layout_basic, serial_co_window_serial,
          co_window_corner_a, co_window_paths_a, co_window_cross_1,
          co_window_paths_a, co_window_paths_a, co_window_corner_a,
          co_window_corner_a, co_window_corner_b, co_window_corner_ca,
          co_window_2corner, co_window_unsneaky_path_d, co_window_broadway_b,
          co_window_4corner_b, co_window_paths_d, glass_columns_a,
          glass_columns_a, glass_columns_b, glass_columns_b, glass_columns_a,
          basic_ecumenical_altar
D:2:      layout_loops_cross, basic_altar
D:3:      layout_loops_cross, fountainhead, uniq_jessica, uniq_natasha
D:4:      cheibrodos_thug_alley, layout_basic, uniq_grinder, uniq_eustachio

Skill      XL: |  1  2  3  4  5 |
---------------+----------------+-----
Maces & Flails | 3 4 5 6 |  6.7
Fighting       | |  4.0
Dodging        | |  2.6

Action                   |  1- 3 |  4- 6 || total
-------------------------+-------+-------++-------
Melee: Mace              |   127 |    74 ||   201
       Club              |       |    18 ||    18
Throw: Boomerang         |       |     3 ||     3
Invok: Berserk           |     2 |     2 ||     4
       Trog's Hand       |       |     1 ||     1
  Use: Potion            |       |     2 ||     2
Armor: Animal skin       |    48 |    21 ||    69
Dodge: Dodged            |    72 |    68 ||   140
